 Dungeon Crawl Stone Soup version 0.28-a0-1236-gb25a51b (webtiles) character file.

Game seed: 2970761945513743570

8968 Dorkslayer the Carver (level 11, -3/84 HPs)
             Began as a Demonspawn Fighter on Dec 25, 2021.
             Slain by an orc warrior (11 damage)
             ... in a bailey.
             The game lasted 00:35:07 (12128 turns).

Dorkslayer the Carver (Demonspawn Fighter)         Turns: 12128, Time: 00:35:08

Health: -3/84      AC: 20    Str: 19    XL:     11   Next: 16%
Magic:  0/11       EV:  8    Int: 12    God:
Gold:   376        SH:  5    Dex: 14    Spells: 10/10 levels left

rFire   . . .      SeeInvis .   E - +0 scimitar
rCold   . . .      Faith    .   c - +0 buckler
rNeg    . . .      Spirit   +   B - +3 chain mail
rPois   .          Reflect  .   (no helmet)
rElec   .          Harm     .   N - +1 cloak
rCorr   .          Rampage  .   (no gloves)
Will    +....                   (no boots)
Stlth   ..........              (no amulet)
HPRegen 0.24/turn               e - +4 ring of protection
MPRegen 0.24/turn               x - ring of willpower

@: mighty, unable to read
A: hooves 2, spiny 1, magic shield, magic regeneration, big brain 1, inability
to read while threatened
a: no special abilities


You were in a bailey.
You visited 2 branches of the dungeon, and saw 11 of its levels.
You also visited: Ossuary and Bailey.

You collected 1609 gold pieces.
You spent 1233 gold pieces at shops.

Inventory:

Hand Weapons
 a - a +0 long sword
 E - a +0 scimitar (weapon)
Missiles
 f - 56 poisoned darts
 g - 5 javelins
 l - 7 boomerangs (quivered)
 y - 3 silver boomerangs
 J - 2 throwing nets
 M - a curare-tipped dart
Armour
 c - a +0 buckler (worn)
 B - a +3 chain mail (worn)
 F - a +0 plate armour
 N - a +1 cloak (worn)
Jewellery
 b - a ring of protection from fire
 e - a +4 ring of protection (left hand)
 x - a ring of willpower (right hand)
Wands
 h - a wand of mindburst (1)
 k - a wand of acid (8)
 m - a wand of charming (3)
 r - a wand of flame (6)
 D - a wand of iceblast (4)
 K - a wand of polymorph (6)
Scrolls
 i - 3 scrolls of enchant armour
 s - a scroll of teleportation
 v - 2 scrolls of fog
 C - 2 scrolls of immolation
Potions
 d - 2 potions of brilliance {unknown}
 j - 2 potions of cancellation
 n - a potion of magic
 o - a potion of flight
 p - a potion of attraction {unknown}
 q - 2 potions of curing
 t - a potion of might
 u - a potion of ambrosia
 w - 3 potions of haste
 A - a potion of invisibility
 I - a potion of resistance {unknown}
 L - a potion of degeneration {unknown}
Miscellaneous
 H - a box of beasts


   Skills:
 + Level 7.0 Fighting
 + Level 9.1 Long Blades
 + Level 2.0 Throwing
 + Level 7.9 Armour
 + Level 2.4 Dodging
 + Level 2.3 Stealth
 + Level 5.7 Shields
 * Level 7.2 Evocations


You had 10 spell levels left.
You didn't know any spells.
Your spell library contained the following spells:

 Spells                   Type           Power      Damage    Failure   Level
 Slow                     Hex            0%         N/A       96%         1
 Sting                    Tmut/Pois      0%         1d3       96%         1
 Poisonous Vapours        Pois/Air       0%         N/A       99%         2
 Confusing Touch          Hex            0%         N/A       100%        3
 Conjure Flame            Conj/Fire      0%         6-21      100%        3
 Ignite Poison            Fire/Tmut/Pois 0%         N/A       100%        3
 Vampiric Draining        Necr           0%         2d6       100%        3
 Olgreb's Toxic Radiance  Pois           0%         N/A       100%        4
 Sticky Flame             Conj/Fire      0%         2d3       100%        4
 Summon Lightning Spire   Summ/Air       0%         N/A       100%        4
 Storm Form               Tmut/Air       0%         N/A       100%        7
 Maxwell's Capacitive Co  Air            0%         ∞         100%        8


Dungeon Overview and Level Annotations

Branches:
Dungeon (10/15)            Temple (1/1) D:5            Lair (0/6) D:10
Ossuary (visited)          Bailey (1/1)
    Orc: D:9-12

Altars:
Ashenzari
Cheibriados
Dithmenos
Elyvilon
Fedhas
Hepliaklqana
Kikubaaqudgha
Makhleb
Nemelex Xobeh
Okawaru
Qazlal
Ru
Sif Muna
Trog
Uskayaw
Vehumet
Wu Jian
Xom
Yredelemnul
Zin
The Shining One

Shops:
D:7 *


Innate Abilities, Weirdness & Mutations

You have hoof-like feet.
You are partially covered in sharp spines.
When hurt, damage is shared between your health and your magic reserves.
You regenerate magic rapidly.
You have an unusually large brain. (Int +2)
You sometimes lose the ability to read scrolls when taking damage.


Message History

You hit the orc knight but do no damage.
The orc knight is severely wounded.
You block the orc knight's attack.
You hit the orc knight. Your kick misses the orc knight.
The orc knight is severely wounded.
The orc warrior closely misses you.
The orc knight hits you but does no damage.
You catch the helpless orc knight completely off-guard!
You slash the orc knight!
The orc knight is almost dead.
You flicker back into view.
The orc warrior is struck by your spines.
The orc warrior closely misses you.
You closely miss the orc knight.
You kick the orc knight, but do no damage.
The orc knight is almost dead.
The orc knight hits you but does no damage.
The orc warrior hits you with a +0 halberd!
You hit the orc knight but do no damage.
You kick the orc knight.
The orc knight is almost dead.
The orc knight hits you with a +0 glaive!
You closely miss the orc knight. Your kick misses the orc knight.
The orc knight is almost dead.
You block the orc warrior's attack. You block the orc knight's attack.
You hit the orc knight but do no damage.
You kick the orc knight.
The orc knight is almost dead.
The orc warrior is struck by your spines.
The orc warrior hits you with a +0 halberd!
* * * LOW HITPOINT WARNING * * *
The orc knight completely misses you.
You slash the orc knight!
You kill the orc knight!
The orc warrior hits you with a +0 halberd!!
* * * LOW HITPOINT WARNING * * *
Unknown command.
You feel better.
The orc warrior hits you with a +0 halberd!
You die...

...≈≈≈≈≈....#########....≈≈≈≈≈...
...........##...)...##...........
..........##..#'#'#..##..........
..........#..##.#.##..#..........
.........##)#########.##......)..
.........##.')#).?#)'.##.........
.........##.###._.###.##.........
.........##.')#))o#)'.##.........
.........##.####@####.##.........
.........##..##∩)∩##..#..........
.............##'''#..##..........
.............##.....##...........
...≈≈≈≈≈.....##....##....≈≈≈≈≈...
..≈≈#)#.≈....#######....≈.#.#≈≈..
..≈##.∩#≈...............≈#∩.##≈..
..≈..^..≈...............≈..^..≈..
..≈##.##≈...............≈##.##≈..


You could see an orc warrior (strong).

Vanquished Creatures
  A two-headed ogre (D:9)
  An orc knight (Bailey)
  A kobold demonologist (D:9)
  A komodo dragon (D:10)
  A troll (D:8)
  Sigmund (D:2)
  5 yaks
  A steam dragon (D:6)
  4 water moccasins
  2 sky beasts
  2 ice beasts
  2 black bears
  13 orc warriors
  2 necrophages
  4 ogres
  2 centaurs
  2 phantoms
  3 kobold brigands
  An elf zombie (D:4)
  2 bullfrogs
  10 scorpions
  A gnoll sergeant (D:8)
  An elf skeleton (D:4)
  2 water moccasin zombies (D:6)
  A water moccasin skeleton (D:5)
  4 wights (D:9)
  An electric eel (D:6)
  A bullfrog zombie (D:5)
  2 hounds (D:6)
  4 human zombies (Ossuary)
  3 centaur zombies
  An orc priest (D:3)
  A gnoll shaman (D:8)
  2 human skeletons (D:4)
  7 orc wizards
  2 iguanas
  4 scorpion zombies
  A killer bee zombie (D:8)
  3 mummies (Ossuary)
  7 adders
  13 gnolls
  A shadow imp (D:7)
  2 white imps
  An ufetubus (D:5)
  4 dart slugs
  41 orcs
  5 ball pythons
  5 bats
  8 endoplasms
  8 giant cockroaches
  19 goblins
  6 hobgoblins
  8 kobolds
  8 quokkas
  3 frilled lizards
  3 goblin zombies (Ossuary)
  5 hobgoblin zombies (Ossuary)
  2 kobold zombies (Ossuary)
  An orc skeleton (D:4)
  3 orc zombies
  5 rats
260 creatures vanquished.

Vanquished Creatures (collateral kills)
  A yak (D:9)
  An orc warrior (Bailey)
  An orc (D:9)
3 creatures vanquished.

Vanquished Creatures (others)
  Terence (D:3)
  A kobold (D:3)
  10 fungi (D:8)
12 creatures vanquished.

Grand Total: 275 creatures vanquished

Notes
Turn   | Place    | Note
-------+----------+-------------------------------------------
     0 | D:1      | Dorkslayer the Demonspawn Fighter began the quest for the
                  | Orb.
     0 | D:1      | Reached XP level 1. HP: 18/18 MP: 1/1
    41 | D:1      | Found a faded altar of an unknown god.
   267 | D:1      | Gained mutation: You have large cloven feet. [demonic
                  | ancestry]
   267 | D:1      | Reached XP level 2. HP: 20/24 MP: 2/2
   469 | D:1      | Reached skill level 2 in Long Blades
   943 | D:2      | Gained mutation: You regenerate magic rapidly. [demonic
                  | ancestry]
   943 | D:2      | Reached XP level 3. HP: 29/29 MP: 3/3
   978 | D:2      | Noticed a phantom
   985 | D:2      | Killed a phantom
   986 | D:2      | Reached skill level 3 in Long Blades
   986 | D:2      | Reached XP level 4. HP: 9/37 MP: 4/4
  1017 | D:2      | Noticed a scorpion
  1028 | D:2      | Killed a scorpion
  1029 | D:2      | Reached XP level 5. HP: 12/42 MP: 5/5
  1401 | D:2      | Noticed Sigmund
  1423 | D:2      | Killed Sigmund
  1424 | D:2      | Reached skill level 4 in Long Blades
  1424 | D:2      | Reached XP level 6. HP: 44/48 MP: 6/6
  2149 | D:3      | Killed Terence
  2152 | D:3      | Reached skill level 1 in Evocations
  2426 | D:3      | Gained mutation: You are partially covered in sharp spines.
                  | [demonic ancestry]
  2426 | D:3      | Reached XP level 7. HP: 54/54 MP: 7/7
  2973 | D:4      | Found a sand-covered staircase.
  2986 | D:4      | Reached skill level 5 in Long Blades
  2989 | Ossuary  | Entered an ossuary
  3144 | Ossuary  | Reached skill level 1 in Dodging
  3264 | Ossuary  | Gained mutation: When hurt, damage is shared between your
                  | health and your magic reserves. [demonic ancestry]
  3264 | Ossuary  | Reached XP level 8. HP: 58/61 MP: 8/8
  3366 | Ossuary  | Reached skill level 6 in Long Blades
  3386 | Ossuary  | Reached skill level 5 in Armour
  3817 | D:4      | Reached skill level 5 in Fighting
  4467 | D:4      | Found a snail-covered altar of Cheibriados.
  4780 | D:5      | Entered Level 5 of the Dungeon
  4789 | D:5      | Reached skill level 7 in Long Blades
  4789 | D:5      | Gained mutation: You have hoof-like feet. [demonic
                  | ancestry]
  4789 | D:5      | Reached XP level 9. HP: 56/68 MP: 7/9
  4937 | D:5      | Found a burning altar of Makhleb.
  5042 | D:5      | Reached skill level 1 in Throwing
  5185 | D:5      | Found a staircase to the Ecumenical Temple.
  5322 | Temple   | Entered the Ecumenical Temple
  5933 | D:6      | Reached skill level 5 in Evocations
  6743 | D:6      | Reached skill level 1 in Stealth
  7045 | D:7      | Found a blossoming altar of Fedhas.
  7661 | D:7      | Found Odowoew's Assorted Antiques.
  7669 | D:7      | Bought a sapphire potion for 18 gold pieces
  7669 | D:7      | Bought a scroll of identify for 42 gold pieces
  7669 | D:7      | Bought a sedimented grey potion for 18 gold pieces
  7669 | D:7      | Bought a scroll of identify for 42 gold pieces
  7669 | D:7      | Bought a potion of curing for 63 gold pieces
  7670 | D:7      | Identified a scroll of acquirement
  7672 | D:7      | Acquired 1092 gold pieces
  7925 | D:7      | Gained mutation: You have an unusually large brain. (Int
                  | +2) [demonic ancestry]
  7925 | D:7      | Reached XP level 10. HP: 76/77 MP: 10/10
  8336 | D:7      | Bought a potion of haste for 210 gold pieces
  8336 | D:7      | Bought a box of beasts for 840 gold pieces
  8398 | D:8      | Found a shadowy altar of Dithmenos.
  8537 | D:8      | Reached skill level 8 in Long Blades
  8713 | D:8      | Found a shimmering blue altar of Sif Muna.
  8919 | D:8      | Found a broken altar of Ashenzari.
  9193 | D:9      | Noticed a two-headed ogre
  9697 | D:9      | Gained mutation: You sometimes lose the ability to read
                  | scrolls when taking damage. [a neqoxec]
  9713 | D:9      | HP: 3/77 [ice devil[a kobold demonologist] (21)]
  9721 | D:9      | Noticed a soul eater
 10016 | D:9      | Noticed a two-headed ogre
 10027 | D:9      | Killed a two-headed ogre
 10028 | D:9      | Reached skill level 5 in Shields
 10404 | D:10     | Entered Level 10 of the Dungeon
 10434 | D:10     | Reached skill level 9 in Long Blades
 10439 | D:10     | Found a flagged portal.
 10476 | Bailey   | Entered a bailey
 10750 | Bailey   | HP: 3/79 [orc warrior/bolt (8)]
 11226 | Bailey   | Reached XP level 11. HP: 59/84 MP: 8/11
 12112 | Bailey   | Noticed an orc knight
 12127 | Bailey   | Killed an orc knight
 12127 | Bailey   | HP: 2/84 [orc warrior (19)]
 12128 | Bailey   | Slain by an orc warrior

Illustrated notes

Levels and vault maps discovered:
D:1:      lemuel_arrival_lava_pool, layout_loops_ring,
          ebering_ecumenical_altar_box, chequers_serial_rivers_marsh,
          amcnicky_mini_rare_corridor_liquid
D:2:      layout_rooms, uniq_sigmund
D:3:      cheibrodos_greedy_goblins, layout_loops_ring, roderic_serpentine_path,
          st_stairs_8, lemuel_old_faithful, uniq_terence
D:4:      layout_layer_cave, mainiacjoe_overflow_six_doors_small,
          nicolae_ossuary_entry_catacombs, minmay_close_crescents
D:5:      layout_rooms, nicolae_overflow_hidden_temple, temple_doors_e
D:6:      layout_gridville, kennysheep_path_1, minivault_4, st_stairs_6
D:7:      layout_gridville, fedhas_altar_1, serial_shops, shop,
          hangedman_decor_riveting
D:8:      layout_loops_ring, mainiacjoe_overflow_alcove_2,
          mainiacjoe_overflow_chevrons, mainiacjoe_overflow_boulevard,
          minmay_misc_feat_square
D:9:      layout_rooms
D:10:     layout_rooms, nicolae_gozag_zags_fifth_avenue, david_lair_shrubbed,
          enter_bailey_5
Temple:   regret_index_temple_waves
Bailey:   bailey_polearm_2, bailey

Skill      XL: |  1  2  3  4  5  6  7  8  9 10 |
---------------+-------------------------------+-----
Long Blades    | 2 3 4 5 7 9 |  9.1
Armour         | 3 4 5 6 7 |  7.9
Shields        | 3 4 5 |  5.7
Fighting       | 4 5 6 7 |  7.0
Evocations     | 1 2 4 5 7 |  7.2
Dodging        | 1 2 |  2.4
Throwing       | 1 2 |  2.0
Stealth        | 1 2 |  2.3

Action                   |  1- 3 |  4- 6 |  7- 9 | 10-12 || total
-------------------------+-------+-------+-------+-------++-------
Melee: Long sword        |    82 |   119 |   373 |       ||   574
       Kick              |    12 |    37 |   125 |    66 ||   240
       Scimitar          |       |       |    19 |   178 ||   197
Throw: Dart              |       |    21 |    19 |     2 ||    42
       Javelin           |       |       |     4 |     5 ||     9
       Boomerang         |       |       |       |    21 ||    21
Evoke: Wand              |       |     1 |     5 |    27 ||    33
       Box of beasts     |       |       |       |     1 ||     1
  Use: Potion            |     2 |       |     2 |    11 ||    15
       Scroll            |       |       |    17 |     5 ||    22
 Stab: Invisible         |       |       |       |     5 ||     5
Armor: Scale mail        |    40 |     2 |       |       ||    42
       Chain mail        |       |    64 |   191 |   153 ||   408
Dodge: Dodged            |    47 |    43 |   106 |   100 ||   296
Block: Buckler           |    13 |    30 |    81 |    89 ||   213

Table legend: (Time is in decaauts)
 A = Elapsed time spent in this place.
 B = Non-inter-level travel time spent in this place.
 C = Inter-level travel time spent in this place.
 D = Time resting spent in this place.
 E = Time spent auto-exploring this place.
 F = Levels seen in this place.
 G = Mean time per level.
                   A        B        C        D        E       F      G
               +--------+--------+--------+--------+--------+-----+--------+
         Total |  12223 |  11883 |    340 |   2594 |   3784 |  13 |  940.2 |
       Dungeon |   9843 |   9503 |    340 |   1253 |   3776 |  10 |  984.3 |
        Temple |    103 |    103 |      0 |      0 |      8 |   1 |  103.0 |
       Ossuary |    623 |    623 |      0 |    164 |      0 |   1 |  623.0 |
        Bailey |   1652 |   1652 |      0 |   1177 |      0 |   1 | 1652.0 |
               +--------+--------+--------+--------+--------+-----+--------+

Top non-repeatable levels by time:
  Bailey: 1652 daAuts
     D:6: 1430 daAuts
     D:3: 1430 daAuts
     D:4: 1343 daAuts
     D:8: 1147 daAuts
     D:7: 1001 daAuts
     D:1: 972 daAuts
     D:9: 873 daAuts
     D:5: 824 daAuts
     D:2: 747 daAuts
 Ossuary: 623 daAuts
  Temple: 103 daAuts
    D:10: 72 daAuts
